 Dungeon Crawl Stone Soup version 0.21.1-1-g345015f (webtiles) character file.

11 iamserjio the Charmwright (level 2, 18/26 HPs)
             Began as a Gnoll Skald on June 24, 2018.
             Quit the game on level 1 of the Dungeon.
             The game lasted 00:01:29 (243 turns).

iamserjio the Charmwright (Gnoll Skald)              Turns: 243, Time: 00:01:30

Health: 18/26      AC:  3    Str: 13    XL:     2   Next: 25%
Magic:  7/7        EV: 14    Int: 15    God:
Gold:   19         SH:  0    Dex: 14    Spells: 9/10 levels left

rFire    . . .     SeeInvis .   a - +0 hand axe
rCold    . . .     Gourm    .   (no shield)
rNeg     . . .     Faith    .   b - +0 leather armour
rPois    .         Spirit   .   (no helmet)
rElec    .         Reflect  .   (no cloak)
rCorr    .         Harm     .   (no gloves)
MR       .....                  (no boots)
Stlth    +.........             (no amulet)
HPRegen  0.08/turn              (no ring)
MPRegen  0.10/turn              (no ring)

@: no status effects
A: distributed training, fangs 1, strong nose
a: no special abilities


You were on level 1 of the Dungeon.
You were not hungry.

You visited 1 branch of the dungeon, and saw 1 of its levels.

You collected 19 gold pieces.

Inventory:

Hand Weapons
 a - a +0 hand axe (weapon)
Armour
 b - a +0 leather armour (worn)
Books
 c - a book of Battle

   Spells                             Type                      Level
   a - Infusion                       Charms                       1
   b - Shroud of Golubria             Charms/Translocation         2
   c - Song of Slaying                Charms                       2
   d - Spectral Weapon                Hexes/Charms                 3
   e - Regeneration                   Charms/Necromancy            3
Comestibles
 d - a ration


   Skills:
 + Level 4.4 Fighting
 + Level 0.3 Short Blades
 + Level 0.3 Long Blades
 + Level 4.4 Axes
 + Level 0.3 Maces & Flails
 + Level 0.3 Polearms
 + Level 0.3 Staves
 + Level 0.3 Slings
 + Level 0.3 Bows
 + Level 0.3 Crossbows
 + Level 0.3 Throwing
 + Level 2.4 Armour
 + Level 4.4 Dodging
 + Level 0.3 Stealth
 + Level 0.3 Shields
 + Level 0.3 Unarmed Combat
 + Level 4.9 Spellcasting
 + Level 0.2 Conjurations
 + Level 0.2 Hexes
 + Level 5.3 Charms
 + Level 0.2 Summonings
 + Level 0.2 Necromancy
 + Level 0.2 Translocations
 + Level 0.2 Transmutations
 + Level 0.2 Fire Magic
 + Level 0.2 Ice Magic
 + Level 0.2 Air Magic
 + Level 0.2 Earth Magic
 + Level 0.2 Poison Magic
 + Level 0.4 Invocations
 + Level 0.3 Evocations


You had 9 spell levels left.
You knew the following spells:

 Your Spells              Type           Power        Failure   Level  Hunger
a - Infusion              Chrm           ###.         2%          1    None


Dungeon Overview and Level Annotations

Branches:
Dungeon (1/15)

Altars:
Okawaru


Innate Abilities, Weirdness & Mutations

Your experience applies equally to all skills.
You have very sharp teeth.
Your uncanny sense of smell can sniff out nearby items.


Message History

A kobold comes into view.
Found a dagger.
The kobold throws a stone.
The stone misses you.
A kobold comes into view. It is wielding a dagger of draining.
The kobold throws a stone.
The stone closely misses you.
Found a mace.
The kobold throws a stone.
The stone hits you.
Found an iron altar of Okawaru.
You see here a stone.
The kobold shouts!
Found a falchion and a hand axe.
You hit the kobold.
You kill the kobold!
You see here 4 gold pieces.
You now have 19 gold pieces (gained 4).
You hit the kobold.
You kill the kobold!
Things that are here:
a dagger of draining; a kobold corpse Are you sure you want to abandon this character and quit the game? (Confirm with "yes".)

...# . #.. ..# #..
...####.####
...#.....######## ) ∆
......##.#......# ._.
##. #..##.#.####.# ∆
).).#).##..#.@.....#.#
......†#......#.##.#.#
#.........#.#.##.#.#
#...###((....#.##.#.#
... ##...#.#......# #
#.....####.### ##.####
#.# .# #.# #.# .#
##'## ##.##


There were no monsters in sight!

Vanquished Creatures
  2 leopard geckos (D:1)
  A giant cockroach (D:1)
  A goblin (D:1)
  3 kobolds (D:1)
  A frilled lizard (D:1)
  A rat (D:1)
9 creatures vanquished.

Notes
Turn   | Place    | Note
-------+----------+-------------------------------------------
     0 | D:1      | iamserjio the Gnoll Skald began the quest for the Orb.
     0 | D:1      | Reached XP level 1. HP: 20/20 MP: 6/6
   144 | D:1      | Reached XP level 2. HP: 12/26 MP: 3/7
   161 | D:1      | Found an iron altar of Okawaru.
   243 | D:1      | Quit the game

Action                   || total
-------------------------++-------
Melee: Hand axe          ||    20
       Bite              ||     1
 Cast: Infusion          ||     2
Armor: Leather armour    ||     5
Dodge: Dodged            ||    19
